 Dungeon Crawl Stone Soup version 0.18-a0-162-gde95368 (webtiles) character file.

6582 DarthRa the Blocker (level 11, -16/129 HPs)
             Began as a Formicid Fighter on Nov 23, 2015.
             Was a Priest of Qazlal.
             Killed from afar by twist's ghost (41 damage)
             ... with a bolt of lightning
             ... on level 10 of the Dungeon.
             The game lasted 01:14:10 (11114 turns).

DarthRa the Blocker (Formicid Fighter)             Turns: 11114, Time: 01:14:11

Health: -16/129    AC: 25    Str: 21    XL:     11   Next: 21%
Magic:  16/16      EV:  2    Int:  8    God:    Qazlal [***...]
Gold:   427        SH: 14    Dex: 13    Spells: 0 memorised, 10 levels left

rFire  . . .     SeeInvis .     a - +2 Sword of Power
rCold  . . .     Clarity  .     (armour currently unavailable)
rNeg   + + +     SustAt   .     c - +0 shield
rPois  +         Gourm    .     (helmet unavailable)
rElec  .         Spirit   .     (cloak currently unavailable)
rCorr  .         Warding  .     (gloves currently unavailable)
rMut   .         Stasis   +     (boots currently unavailable)
MR     +....                    (no amulet)
Stlth  +.........               (no ring)
                                (no ring)

@: tree-form, heavily drained, somewhat resistant to hostile enchantments, very
unstealthy
A: permanent stasis, dig shafts and tunnels, four strong arms, (antennae 0)
a: Upheaval, Elemental Force, Renounce Religion


You were on level 10 of the Dungeon.
You worshipped Qazlal.
Qazlal was most pleased with you.
You were not hungry.
You were a tree.
You visited 2 branches of the dungeon, and saw 11 of its levels.
You also visited: Ossuary.

You collected 588 gold pieces.
You spent 161 gold pieces at shops.

Inventory:

Hand Weapons
 a - the +2 Sword of Power (weapon)
   (You found it on level 4 of the Dungeon)
 b - a +0 long sword of protection
 d - a +0 hunting sling
 g - a +1 war axe
 t - a cursed -3 blowgun
Missiles
 f - 19 bolts
 h - 368 stones (quivered)
 q - 3 needles of sleeping
 v - 30 poisoned needles
 x - 10 poisoned sling bullets
 E - 10 tomahawks
 M - 15 sling bullets
Armour
 c - a +0 shield (worn)
 s - a +0 scale mail
 y - a +0 plate armour
 K - a +0 cloak (melded)
 S - a +1 pair of gloves (melded)
 T - a +2 leather armour of poison resistance (melded)
Wands
 p - a wand of disintegration (19)
 z - a wand of confusion (37)
 H - a wand of random effects (25)
Scrolls
 i - 4 scrolls of identify
 j - 11 scrolls of remove curse
 n - 2 scrolls of enchant weapon
 r - a scroll of magic mapping
 B - 2 scrolls of enchant armour {unknown}
 C - a scroll of fear {unknown}
 D - a scroll of amnesia
 L - a scroll of immolation {unknown}
 N - a scroll of acquirement {unknown}
 O - a scroll of fog {unknown}
Potions
 k - a potion of magic
 o - 2 potions of flight
 w - a potion of brilliance {unknown}
 F - a potion of resistance {unknown}
 G - a potion of lignification
 J - a potion of cancellation {unknown}
 P - a potion of poison {unknown}
Books
 R - a book of Envenomations

   Spells                             Type                      Level
   a - Spider Form                    Transmutation/Poison         3
   b - Alistair's Intoxication        Transmutation/Poison         4
   c - Olgreb's Toxic Radiance        Poison                       4
   d - Poisonous Cloud                Conjuration/Poison/Air       6
Comestibles
 e - 6 bread rations
 m - 7 meat rations
 u - a beef jerky
 A - 3 fruits
 I - 5 royal jellies


   Skills:
 + Level 8.0(6.2) Fighting
 * Level 9.3(7.4) Long Blades
 - Level 4.8(3.0) Axes
 - Level 6.8(5.0) Armour
 - Level 9.3(7.3) Shields
 + Level 7.3(5.4) Invocations


You had 10 spell levels left.
You didn't know any spells.

Dungeon Overview and Level Annotations

Branches:
Dungeon (10/15)            Temple (1/1) D:7             Orc (0/4) D:10
   Lair: D:8-11

Altars:
Ashenzari
Cheibriados
Dithmenos
Elyvilon
Fedhas
Gozag
Kikubaaqudgha
Makhleb
Nemelex Xobeh
Okawaru
Qazlal
Ru
Sif Muna
Trog
Vehumet
Xom
Yredelemnul
Zin
The Shining One

Shops:
D:10 *

Annotations:
D:10 twist's ghost, journeyman DrAE


Innate Abilities, Weirdness & Mutations

You are under a permanent stasis effect.
You can dig through walls and to a lower floor.
Your four strong arms can wield two-handed weapons with a shield.
((You have a pair of large antennae on your head (SInv).))


Message History

* * * LOW HITPOINT WARNING * * *
You are poisoned.
Drink which item? (? for menu, Esc to quit)
It was a potion of lignification.
You turn into a tree.
Your +0 cloak melds into your body.
Your +1 pair of gloves melds into your body.
Your +2 leather armour of poison resistance melds into your body.
Your roots penetrate the ground.
You feel sick.
Twist's ghost hits you but does no damage.
Drink which item? (? for menu, Esc to quit)
You feel better. Twist's ghost casts a spell at you. The zap hits you!
* * * LOW HITPOINT WARNING * * *
The zap hits you!
Drink which item? (? for menu, Esc to quit)
You feel better.
Twist's ghost gestures at you while chanting.
The bolt of lightning hits you!
You die...

#.####.#
#.# ##.#
#.# ... {
#.##.#.#
#......#
#.##.#.# .
#.# .W.#.#
#W# ...(.
#♣# ....(..
#.##.#.####
#......#
####...#
..# ##


You could see twist's ghost.

Vanquished Creatures
  Erolcha (D:9)
  The ghost of Sidor the Chopper, a novice HuBe of Trog (D:6)
  Psyche (D:9)
  Grinder (D:6)
  A trapdoor spider (D:9)
  Sigmund (D:2)
  4 yaks (D:10)
  Menkaure (D:4)
  A water moccasin (D:9)
  7 orc warriors
  A wasp (D:10)
  An ice beast (D:10)
  A phantom (D:5)
  6 ogres
  2 centaurs (D:8)
  A big kobold (D:8)
  An elf zombie (Ossuary)
  2 giant frogs
  A water moccasin zombie (D:7)
  2 scorpions
  A wyvern skeleton (D:10)
  A troll skeleton (D:9)
  3 spriggan skeletons (D:9)
  A giant frog zombie (D:9)
  A crimson imp (D:10)
  A centaur zombie (D:8)
  A hound (D:5)
  A giant frog skeleton (D:4)
  Ijyb (D:2)
  A jelly (D:8)
  5 centaur skeletons
  3 iguanas
  Jessica (D:2)
  17 orc wizards
  6 orc priests
  8 worker ants
  2 hound zombies (Ossuary)
  4 mummies (Ossuary)
  4 gnolls (D:4)
  14 adders
  2 shadow imps
  An adder zombie (Ossuary)
  2 worms
  4 giant geckos
  53 orcs
  2 ball pythons
  2 giant cockroaches
  6 hobgoblins
  8 kobolds
  4 bats
  3 giant newts
  3 goblins
  A goblin zombie (Ossuary)
  A hobgoblin zombie (Ossuary)
  5 jackals
  A kobold zombie (Ossuary)
  4 orc zombies (Ossuary)
  3 quokkas
  A quokka zombie (D:7)
  9 rats
  A rat zombie (Ossuary)
229 creatures vanquished.

Vanquished Creatures (others)
  A worker ant (D:5)
1 creature vanquished.

Grand Total: 230 creatures vanquished

Notes
Turn   | Place    | Note
--------------------------------------------------------------
     0 | D:1      | DarthRa the Formicid Fighter began the quest for the Orb.
     0 | D:1      | Reached XP level 1. HP: 18/18 MP: 1/1
   349 | D:1      | Reached XP level 2. HP: 22/24 MP: 2/2
   375 | D:1      | Reached skill level 4 in Shields
   839 | D:2      | Reached XP level 3. HP: 16/29 MP: 3/3
  1430 | D:2      | Reached skill level 5 in Shields
  1475 | D:2      | Noticed Jessica
  1489 | D:2      | Reached XP level 4. HP: 35/35 MP: 4/4
  1492 | D:2      | Killed Jessica
  1690 | D:2      | Noticed Sigmund
  1800 | D:2      | Noticed Ijyb
  1828 | D:2      | Killed Ijyb
  1828 | D:2      | Reached XP level 5. HP: 38/41 MP: 5/5
  2482 | D:3      | Reached skill level 6 in Shields
  2694 | D:3      | Reached XP level 6. HP: 28/47 MP: 6/6
  3106 | D:3      | Found a white marble altar of Elyvilon.
  3395 | D:4      | Reached skill level 7 in Shields
  3421 | D:4      | Found a sand-covered staircase.
  3428 | Ossuary  | Entered an ossuary
  3443 | Ossuary  | Reached XP level 7. HP: 47/52 MP: 7/7
  3827 | D:4      | Reached skill level 8 in Shields
  4507 | D:4      | Found a burning altar of Makhleb.
  4510 | D:4      | Found a glowing silver altar of Zin.
  4510 | D:4      | Noticed an angel
  4513 | D:4      | Noticed a cacodemon
  4664 | D:5      | Entered Level 5 of the Dungeon
  5111 | D:5      | Reached skill level 1 in Long Blades
  5111 | D:5      | Reached XP level 8. HP: 54/58 MP: 8/8
  5186 | D:5      | Reached skill level 9 in Shields
  5533 | D:5      | Found a stormy altar of Qazlal.
  5549 | D:5      | Became a worshipper of Qazlal Stormbringer
  5752 | D:5      | Reached skill level 1 in Invocations
  5926 | D:5      | Noticed Menkaure
  5978 | D:4      | Killed Menkaure
  6127 | D:2      | Killed Sigmund
  6808 | D:6      | Reached XP level 9. HP: 59/67 MP: 10/10
  6813 | D:6      | Noticed Grinder
  6813 | D:6      | Reached skill level 5 in Fighting
  6830 | D:6      | Killed Grinder
  6864 | D:6      | Noticed Sidor's ghost (novice HuBe)
  6890 | D:6      | Killed Sidor's ghost
  6890 | D:6      | Reached skill level 5 in Long Blades
  6890 | D:6      | Reached skill level 5 in Armour
  7085 | D:6      | Found a shattered altar of Ashenzari.
  7312 | D:6      | Found an iron altar of Okawaru.
  7411 | D:6      | Found a shimmering altar of Xom.
  7764 | D:7      | Found a staircase to the Ecumenical Temple.
  7786 | Temple   | Entered the Ecumenical Temple
  8470 | D:8      | Reached skill level 5 in Invocations
  8475 | D:8      | Reached XP level 10. HP: 49/77 MP: 13/13
  8602 | D:7      | Reached * piety under Qazlal
  8908 | D:8      | Got an amethyst-encrusted ring mail
  8923 | D:8      | Identified the cursed +0 ring mail of the Stars {Stlth+} (You found it on level 8 of the Dungeon)
  9433 | D:9      | Noticed Psyche
  9440 | D:9      | Killed Psyche
  9539 | D:9      | Reached ** piety under Qazlal
  9569 | D:9      | Found a bloodstained altar of Trog.
  9625 | D:9      | Noticed Erolcha
  9633 | D:9      | Killed Erolcha
  9671 | D:9      | Found a blossoming altar of Fedhas.
 10488 | D:10     | Entered Level 10 of the Dungeon
 10503 | D:10     | Reached XP level 11. HP: 73/85 MP: 16/16
 10621 | D:10     | Found Agick's General Store.
 10623 | D:10     | Bought a +1 pair of gloves for 161 gold pieces
 10686 | D:10     | Reached *** piety under Qazlal
 10977 | D:10     | Found a staircase to the Orcish Mines.
 11051 | D:10     | Noticed a hill giant
 11095 | D:10     | Noticed twist's ghost (journeyman DrAE)
 11114 | D:10     | Killed from afar by twist's ghost

Vault maps used:
D:1:      minmay_arrival_doors
D:2:      uniq_iyjb, uniq_jessica, uniq_sigmund
D:3:      wad_pebble_path, elyvilon_altar_5
D:4:      grunt_temple_overflow_order_and_chaos_2, enter_ossuary_5
D:5:      grunt_qazlal_clouds, first_bread, kennysheep_generic_room_6,
          uniq_menkaure
D:6:      xom_butterflies, lemuel_round_altar, nicolae_overflow_crystal_walls,
          uniq_grinder
D:7:      minmay_temple_entry_glass
D:9:      lemuel_doored_altar, lemuel_crystal_altar, hangedman_tell_no_tales,
          minmay_holes, uniq_psyche, uniq_erolcha
D:10:     david_orc_4, serial_shops, shop, pond
Temple:   roderic_octagonal_lattice_temple
Ossuary:  ossuary_minmay_tomb_2a

Action                   |  1- 3 |  4- 6 |  7- 9 | 10-12 || total
-------------------------+-------+-------+-------+-------++-------
Melee: War axe           |    92 |   131 |    45 |       ||   268
       Great sword       |       |       |   180 |   250 ||   430
 Fire: Hunting sling     |     4 |    76 |   157 |    47 ||   284
Throw: Stone             |    53 |    27 |    33 |    51 ||   164
       Tomahawk          |       |       |     3 |     1 ||     4
  Use: Scroll            |       |     9 |     4 |     1 ||    14
       Potion            |       |     5 |     6 |     7 ||    18
  Eat: Chunk             |     1 |     7 |    13 |     9 ||    30
       Beef jerky        |       |       |     2 |       ||     2
